 Dungeon Crawl Stone Soup version 0.28-a0-998-gb9e9c7b67e (webtiles) character file.

Game seed: 5366273164860291997

126 oldriver the Magician (level 4, 0/33 HPs)
             Began as a Draconian Conjurer on Dec 5, 2021.
             Slain by a kobold brigand (5 damage)
             ... in a sewer.
             The game lasted 00:02:57 (2136 turns).

oldriver the Magician (Draconian Conjurer)          Turns: 2136, Time: 00:02:57

Health: 0/33       AC:  5    Str:  9    XL:     4   Next: 84%
Magic:  9/10       EV: 12    Int: 21    God:
Gold:   82         SH:  0    Dex:  9    Spells: 11/12 levels left

rFire   . . .      SeeInvis .   j - +4 dagger
rCold   . . .      Faith    .   (no shield)
rNeg    . . .      Spirit   .   (armour unavailable)
rPois   .          Reflect  .   (helmet restricted)
rElec   .          Harm     .   (no cloak)
rCorr   .          Rampage  .   (no gloves)
Will    .....                   (no boots)
Stlth   +.........              (no amulet)
HPRegen 0.11/turn               (no ring)
MPRegen 0.12/turn               (no ring)

@: lethally poisoned (0 -> -4), slowed, very slow
A: AC +5, unfitting armour, cold-blooded
a: no special abilities


You were in a sewer.
You visited 1 branch of the dungeon, and saw 3 of its levels.
You also visited: Sewer.

You collected 82 gold pieces.

Inventory:

Hand Weapons
 j - a +4 dagger (weapon)
Scrolls
 b - 2 scrolls of blinking {unknown}
 c - 2 scrolls of magic mapping
 d - a scroll of teleportation {unknown}
 f - a scroll of vulnerability {unknown}
 g - a scroll of summoning {unknown}
 h - a scroll of acquirement {unknown}
Potions
 a - 2 potions of curing {unknown}
 e - a potion of heal wounds {unknown}
 i - a potion of degeneration {unknown}


   Skills:
 - Level 1.7 Dodging
 - Level 1.7 Stealth
 * Level 4.7 Spellcasting
 - Level 4.0 Conjurations


You had 11 spell levels left.
You knew the following spells:

 Your Spells              Type           Power      Damage    Failure   Level
a - Magic Dart            Conj           84%        1d7       2%          1

Your spell library contained the following spells:

 Spells                   Type           Power      Damage    Failure   Level
 Searing Ray              Conj           42%        2d6       3%          2
 Summon Small Mammal      Summ           20%        N/A       11%         1
 Dazzling Flash           Conj/Hex       26%        N/A       14%         3
 Call Canine Familiar     Summ           5%         N/A       32%         3
 Summon Guardian Golem    Hex/Summ       5%         N/A       32%         3
 Fulminant Prism          Conj/Hex       6%         3d7       43%         4
 Iskenderun's Mystic Bla  Conj/Tloc      13%        2d5       43%         4
 Lee's Rapid Deconstruct  Erth           2%         3d6*      97%         5


Dungeon Overview and Level Annotations

Branches:
Dungeon (3/15)              Sewer (1/1)

Altars:


Innate Abilities, Weirdness & Mutations

Your plain brown scales are hard. (AC +5)
You cannot fit into any form of body armour.
You are cold-blooded and may be slowed by cold attacks.


Message History

The adder bites you.
You are poisoned.
The adder poisons you! The adder misses you.
The magic dart hits the adder.
The adder is almost dead.
You feel sick. The adder misses you.
Your unstable footing causes you to fumble your attack.
You feel sick. The adder closely misses you.
You hit the adder.
You kill the adder!
You feel sick.
You feel sick.
You feel sick.
You are no longer poisoned.
You start resting.
Magic restored.
You start resting.
HP restored.
You see here an adder corpse.
You open the large door. 4 kobolds and a kobold brigand come into view.
The kobold brigand is wielding a +0 dagger and quivering curare-tipped darts.
The kobold brigand shouts!
The kobold shouts! x2
Found four items.
Found a gate leading back out of this place.
The magic dart hits the kobold.
You kill the kobold!
The kobold brigand throws a curare-tipped dart.
The curare-tipped dart hits you.
You are poisoned.
You have difficulty breathing.
You feel yourself slow down.
Unknown command.
You feel extremely sick.
You enter the shallow water.
Moving in this stuff is going to be slow.
You feel extremely sick.
* * * LOW HITPOINT WARNING * * *
You feel very sick.
The kobold brigand hits you with a +0 dagger.
You die...

≈. ≈≈P
#################≈≈≈
#≈≈≈≈≈≈≈≈≈≈≈≈≈≈≈≈≈≈≈
#≈≈≈≈≈≈≈≈≈≈≈≈≈≈≈≈≈≈≈
#≈≈≈≈≈≈≈≈≈≈≈≈≈≈≈≈≈≈≈
###'########@≈######
#...#....#KPK≈P≈....
#.∩.#!∩.?K.K≈P≈≈....
#.∩.#!...'.......P..
#####!...#..........
########........
#.##.P... ### #####


You could see a kobold brigand and 3 kobolds.

Vanquished Creatures
  Jessica (D:2)
  A hound skeleton (D:3)
  3 adders
  A worm (D:3)
  An orc (D:3)
  5 bats
  3 endoplasms
  4 giant cockroaches
  5 hobgoblins
  5 quokkas
  6 ball pythons
  4 frilled lizards
  3 goblins (D:3)
  9 kobolds
  5 rats
56 creatures vanquished.

Notes
Turn   | Place    | Note
-------+----------+-------------------------------------------
     0 | D:1      | oldriver the Draconian Conjurer began the quest for the
                  | Orb.
     0 | D:1      | Reached XP level 1. HP: 14/14 MP: 3/3
   302 | D:1      | Reached XP level 2. HP: 20/20 MP: 3/5
   985 | D:2      | Noticed Jessica
   987 | D:2      | Killed Jessica
   988 | D:2      | Reached XP level 3. HP: 26/26 MP: 5/8
  1221 | D:2      | Found a faded altar of an unknown god.
  1471 | D:2      | Reached XP level 4. HP: 33/33 MP: 7/10
  1922 | D:3      | Found a glowing drain.
  1937 | Sewer    | Entered a sewer
  2132 | Sewer    | Noticed a kobold brigand
  2136 | Sewer    | Slain by a kobold brigand

Illustrated notes

Levels and vault maps discovered:
D:1:      sevenhm_arrival_forest_fort_small_6, layout_rooms
D:2:      layout_basic, basic_ecumenical_altar, uniq_jessica
D:3:      layout_basic, portal_sewer_entry_f
Sewer:    kennysheep_pipe_town

Skill      XL: |  1  2  3 |
---------------+----------+-----
Spellcasting   | 3 4 |  4.7
Dodging        | |  1.7
Stealth        | |  1.7
Conjurations   | |  4.0

Action                   |  1- 3 |  4- 6 || total
-------------------------+-------+-------++-------
Melee: Dagger            |       |     2 ||     2
 Cast: Magic Dart        |    59 |    46 ||   105
  Use: Scroll            |       |     1 ||     1
Armor: Skin              |     2 |     2 ||     4
Dodge: Dodged            |     1 |    11 ||    12

Table legend: (Time is in decaauts)
 A = Elapsed time spent in this place.
 B = Non-inter-level travel time spent in this place.
 C = Inter-level travel time spent in this place.
 D = Time resting spent in this place.
 E = Time spent auto-exploring this place.
 F = Levels seen in this place.
 G = Mean time per level.
                   A        B        C        D        E       F      G
               +--------+--------+--------+--------+--------+-----+--------+
         Total |   2156 |   2126 |     30 |    602 |   1218 |   4 |  539.0 |
       Dungeon |   1938 |   1908 |     30 |    466 |   1170 |   3 |  646.0 |
         Sewer |    218 |    218 |      0 |    136 |     48 |   1 |  218.0 |
               +--------+--------+--------+--------+--------+-----+--------+

Top non-repeatable levels by time:
     D:1: 835 daAuts
     D:2: 815 daAuts
     D:3: 287 daAuts
   Sewer: 218 daAuts
